 Dungeon Crawl Stone Soup version 0.26.0-15-gc6cd9f700b (webtiles) character file.

Game seed: 1287121804291193378

235 EnegeticOcto the Chiller (level 6, -6/44 HPs)
             Began as a Gnoll Ice Elementalist on Jan 16, 2021.
             Mangled by an ogre
             ... wielding a +0 giant spiked club
              (19 damage)
             ... on level 5 of the Dungeon.
             The game lasted 00:04:22 (564 turns).

EnegeticOcto the Chiller (Gnoll Ice Elementalist)    Turns: 564, Time: 00:04:22

Health: -6/44      AC: 10    Str: 10    XL:     6   Next: 5%
Magic:  0/13       EV: 15    Int: 19    God:
Gold:   56         SH:  0    Dex: 16    Spells: 0/15 levels left

rFire    . . .     SeeInvis .   j - +0 halberd
rCold    . . .     Faith    .   (shield currently unavailable)
rNeg     . . .     Spirit   .   a - +0 robe
rPois    .         Reflect  .   g - +0 helmet
rElec    .         Harm     .   (no cloak)
rCorr    .         Rampage  .   (no gloves)
Will     .....                  (no boots)
Stlth    +++.......             (no amulet)
HPRegen  0.14/turn              (no ring)
MPRegen  0.13/turn              (no ring)

@: icy armour, frozen ramparts
A: distributed training, fangs 1, strong nose
a: no special abilities


You were on level 5 of the Dungeon.
You visited 1 branch of the dungeon, and saw 5 of its levels.

You collected 56 gold pieces.

Inventory:

Hand Weapons
 b - a +0 dagger
   (You took it off an orc on level 4 of the Dungeon)
 f - a +0 dagger
   (You took it off a goblin on level 2 of the Dungeon)
 j - a +0 halberd (weapon)
   (You took it off a gnoll on level 3 of the Dungeon)
Missiles
 i - 6 boomerangs (quivered)
Armour
 a - a +0 robe (worn)
 g - a +0 helmet (worn)
   (You found it on level 2 of the Dungeon)
 l - a +2 ring mail of cold resistance
   (You took it off an orc on level 4 of the Dungeon)
Wands
 o - a wand of flame (15) {@v4}
   (You found it on level 5 of the Dungeon)
Scrolls
 d - a scroll of magic mapping {@r5 !r}
 h - a scroll of amnesia {unknown}
 k - a scroll of blinking {unknown}
 m - a scroll of immolation {unknown}
 n - a scroll of teleportation {@r3 !r}
Potions
 c - a potion of flight {unknown}
 e - a potion of haste {unknown}


   Skills:
 + Level 1.7 Fighting
 + Level 1.7 Short Blades
 + Level 1.7 Long Blades
 + Level 1.7 Axes
 + Level 1.7 Maces & Flails
 + Level 1.7 Polearms
 + Level 1.7 Staves
 + Level 1.7 Slings
 + Level 1.7 Bows
 + Level 1.7 Crossbows
 + Level 1.7 Throwing
 + Level 1.7 Armour
 + Level 4.9 Dodging
 + Level 4.5 Stealth
 + Level 1.7 Shields
 + Level 1.7 Unarmed Combat
 + Level 5.3 Spellcasting
 + Level 1.3 Conjurations
 + Level 1.3 Hexes
 + Level 1.3 Summonings
 + Level 1.3 Necromancy
 + Level 1.3 Translocations
 + Level 1.3 Transmutations
 + Level 1.3 Fire Magic
 + Level 7.2 Ice Magic
 + Level 1.3 Air Magic
 + Level 1.3 Earth Magic
 + Level 1.3 Poison Magic
 + Level 2.0 Invocations
 + Level 1.7 Evocations


You couldn't memorise any spells.
You knew the following spells:

 Your Spells              Type           Power        Failure   Level
a - Freeze                Ice            100%         1%          1
b - Frozen Ramparts       Ice            64%          1%          3
c - Ozocubu's Armour      Ice            32%          1%          3
d - Summon Ice Beast      Ice/Summ       21%          21%         4
e - Hailstorm             Conj/Ice       21%          21%         4

Your spell library contained the following spells:

 Spells                   Type           Power        Failure   Level


Dungeon Overview and Level Annotations

Branches:
Dungeon (5/15)
 Temple: D:4-7

Altars:
Dithmenos
Ru
Sif Muna
Trog
Yredelemnul
The Shining One


Innate Abilities, Weirdness & Mutations

Your experience applies equally to all skills.
You have very sharp teeth.
Your uncanny sense of smell can sniff out nearby items.


Message History

A film of ice covers your body! The hound barely misses you.
The hound misses you.
Casting: Ozocubu's Armour (safe; 1% risk of failure)
Confirm with . or Enter, or press ? or * to list all spells.
Casting: Frozen Ramparts (safe; 1% risk of failure)
Press: ? - help, Dir - look around, f - activate The walls around you are covered in ice.
The wall freezes the hound.
The hound misses you.
You barely miss the hound.
The hound is lightly wounded.
The wall freezes the hound.
The hound bites you.
* * * LOW HITPOINT WARNING * * *
The wall freezes the hound.
The hound bites you.
* * * LOW HITPOINT WARNING * * *
The wall freezes the hound.
The hound bites you but does no damage.
Casting: Frozen Ramparts (safe; 1% risk of failure)
Confirm with . or Enter, or press ? or * to list all spells.
Aiming: Freeze (safe; 1% risk of failure)
Press: ? - help, Shift-Dir - straight line, f - hound
Aim: a hound (severely wounded)
You freeze the hound.
The hound is severely wounded.
The wall freezes the hound.
You kill the hound!
Your icy armour cracks and falls away as you move.
The frozen ramparts melt away as you move.
m - a scroll labelled TOAMUDGH IPIM
Found a scroll of teleportation.
A worker ant comes into view.
Found a mace.
Found a stone staircase leading up.
Casting: Freeze (safe; 1% risk of failure)
Confirm with . or Enter, or press ? or * to list all spells.
A film of ice covers your body!
Unknown command.
Casting: Ozocubu's Armour (safe; 1% risk of failure)
Confirm with . or Enter, or press ? or * to list all spells.
Casting: Frozen Ramparts (safe; 1% risk of failure)
Press: ? - help, Dir - look around, f - activate The walls around you are covered in ice.
The wall freezes the worker ant.
The worker ant closely misses you.
Casting: Frozen Ramparts (safe; 1% risk of failure)
Confirm with . or Enter, or press ? or * to list all spells.
You don't have enough magic to cast that spell.
You hit the worker ant.
The worker ant is moderately wounded.
The wall freezes the worker ant.
The worker ant misses you.
The wall freezes the worker ant!
You kill the worker ant!
Your Invocations skill increases to level 2!
You have reached level 6!
Your experience leads to an increase in your attributes!
Increase (s)trength, (i)ntelligence, or (d)exterity?
You feel clever.
This spell is quite dangerous to cast!
Memorise Summon Ice Beast, consuming 4 spell levels and leaving 4?
You start memorising the spell.
You continue memorising. x4
You finish memorising.
Spell assigned to 'd'.
This spell is quite dangerous to cast!
Memorise Hailstorm, consuming 4 spell levels and leaving 0?
You start memorising the spell.
You continue memorising. x3
The frozen ramparts melt away.
You continue memorising.
You finish memorising.
Spell assigned to 'e'.
Your icy armour cracks and falls away as you move.
There is a stone staircase leading down here.
n - a scroll of teleportation {@r3 !r}
There is a stone staircase leading down here.
You climb downwards.
Found a lead wand.
There is a stone staircase leading up here.
o - a wand of flame (15) {@v4}
There is a stone staircase leading up here.
An ogre comes into view. It is wielding a +0 giant spiked club.
Found an amethyst potion.
The ogre shouts!
Casting: Frozen Ramparts (safe; 1% risk of failure)
Confirm with . or Enter, or press ? or * to list all spells.
A film of ice covers your body!
Casting: Ozocubu's Armour (safe; 1% risk of failure)
Confirm with . or Enter, or press ? or * to list all spells.
Casting: Frozen Ramparts (safe; 1% risk of failure)
Press: ? - help, Dir - look around, f - activate The walls around you are covered in ice.
The wall freezes the ogre!
Evoke which item? (* to show all) (? for menu, Esc to quit)
Okay, then.
Throw: 6 boomerangs
Press: ? - help, Q - select action, (/) - cycle Shift-Dir - straight line, f - ogre
Aim: an ogre, wielding a +0 giant spiked club (moderately wounded)
You throw a boomerang. The boomerang hits the ogre.
The ogre is moderately wounded.
The wall freezes the ogre.
The ogre barely misses you.
Throw: 6 boomerangs
Press: ? - help, Q - select action, (/) - cycle Shift-Dir - straight line, f/p - ogre
Aim: an ogre, wielding a +0 giant spiked club (heavily wounded)
You throw a boomerang. The boomerang hits the ogre.
The ogre is heavily wounded.
The wall freezes the ogre!
The ogre hits you with a +0 giant spiked club!!
You die...

##########
#.@O...!..
#.##########
#.##.#....<...#
#.......###.#.#
........#..##..#.#
.#.........##.##.#
#.####.#..##. #.#
# #.#..... #.#
#.##.### #.#


You could see an ogre.

Vanquished Creatures
  2 hounds (D:4)
  An iguana (D:4)
  A worker ant (D:4)
  An orc wizard (D:3)
  4 gnolls (D:3)
  2 adders (D:2)
  2 adder skeletons
  A leopard gecko (D:3)
  4 orcs
  A ball python (D:2)
  A bat (D:1)
  3 giant cockroaches
  3 goblins
  2 hobgoblins (D:2)
  3 jackals (D:3)
  A quokka (D:4)
  3 frilled lizards
  3 kobolds
  A rat (D:2)
39 creatures vanquished.

Notes
Turn   | Place    | Note
-------+----------+-------------------------------------------
     0 | D:1      | EnegeticOcto the Gnoll Ice Elementalist began the quest for
                  | the Orb.
     0 | D:1      | Reached XP level 1. HP: 13/13 MP: 6/6
    27 | D:1      | You fall into a shaft and drop 1 floor!
    66 | D:2      | Found a basalt altar of Yredelemnul.
    71 | D:2      | Found a sacrificial altar of Ru.
    74 | D:2      | Found a shadowy altar of Dithmenos.
    79 | D:2      | Reached XP level 2. HP: 15/20 MP: 3/7
   146 | D:2      | Reached skill level 5 in Spellcasting
   146 | D:2      | Reached XP level 3. HP: 19/25 MP: 3/9
   219 | D:2      | Learned a level 3 spell: Frozen Ramparts
   223 | D:2      | Learned a level 3 spell: Ozocubu's Armour
   235 | D:3      | Reached skill level 1 in Fighting
   235 | D:3      | Reached skill level 1 in Short Blades
   235 | D:3      | Reached skill level 1 in Long Blades
   235 | D:3      | Reached skill level 1 in Axes
   235 | D:3      | Reached skill level 1 in Maces & Flails
   235 | D:3      | Reached skill level 1 in Polearms
   235 | D:3      | Reached skill level 1 in Staves
   235 | D:3      | Reached skill level 1 in Slings
   235 | D:3      | Reached skill level 1 in Bows
   235 | D:3      | Reached skill level 1 in Crossbows
   235 | D:3      | Reached skill level 1 in Throwing
   235 | D:3      | Reached skill level 1 in Armour
   235 | D:3      | Reached skill level 1 in Shields
   235 | D:3      | Reached skill level 1 in Unarmed Combat
   235 | D:3      | Reached skill level 1 in Invocations
   235 | D:3      | Reached skill level 1 in Evocations
   235 | D:3      | Reached XP level 4. HP: 12/32 MP: 2/11
   328 | D:3      | Reached skill level 1 in Conjurations
   328 | D:3      | Reached skill level 1 in Hexes
   328 | D:3      | Reached skill level 1 in Summonings
   328 | D:3      | Reached skill level 1 in Necromancy
   328 | D:3      | Reached skill level 1 in Translocations
   328 | D:3      | Reached skill level 1 in Transmutations
   328 | D:3      | Reached skill level 1 in Fire Magic
   328 | D:3      | Reached skill level 1 in Air Magic
   328 | D:3      | Reached skill level 1 in Earth Magic
   328 | D:3      | Reached skill level 1 in Poison Magic
   351 | D:3      | Found a bloodstained altar of Trog.
   386 | D:3      | Reached XP level 5. HP: 10/37 MP: 8/12
   433 | D:4      | Found a glowing golden altar of the Shining One.
   482 | D:4      | Found a shimmering blue altar of Sif Muna.
   516 | D:4      | Reached skill level 2 in Invocations
   516 | D:4      | Reached XP level 6. HP: 6/44 MP: 0/13
   521 | D:4      | Learned a level 4 spell: Summon Ice Beast
   526 | D:4      | Learned a level 4 spell: Hailstorm
   545 | D:5      | Entered Level 5 of the Dungeon
   564 | D:5      | Mangled by an ogre

Illustrated notes

Levels and vault maps discovered:
D:1:      roderic_crossed_star, layout_loops_corners,
          nemelex_diamond_rough_becter
D:2:      layout_loops_ring, grunt_temple_overflow_open
D:3:      layout_basic, old_standard_altar
D:4:      layout_loops_ring, overflow_temple_1_default, lemuel_doored_altar
D:5:      layout_basic, gammafunk_temple_overflow_claw

Skill      XL: |  1  2  3  4  5 |
---------------+----------------+-----
Spellcasting   | 5 |  5.3
Fighting       | 1 |  1.7
Short Blades   | 1 |  1.7
Long Blades    | 1 |  1.7
Axes           | 1 |  1.7
Maces & Flails | 1 |  1.7
Polearms       | 1 |  1.7
Staves         | 1 |  1.7
Slings         | 1 |  1.7
Bows           | 1 |  1.7
Crossbows      | 1 |  1.7
Throwing       | 1 |  1.7
Armour         | 1 |  1.7
Shields        | 1 |  1.7
Unarmed Combat | 1 |  1.7
Invocations    | 1 2 |  2.0
Evocations     | 1 |  1.7
Conjurations   | 1 |  1.3
Hexes          | 1 |  1.3
Summonings     | 1 |  1.3
Necromancy     | 1 |  1.3
Translocations | 1 |  1.3
Transmutations | 1 |  1.3
Fire Magic     | 1 |  1.3
Air Magic      | 1 |  1.3
Earth Magic    | 1 |  1.3
Poison Magic   | 1 |  1.3
Dodging        | |  4.9
Stealth        | |  4.5
Ice Magic      | |  7.2

Action                   |  1- 3 |  4- 6 || total
-------------------------+-------+-------++-------
Melee: Unarmed           |     5 |       ||     5
       Dagger            |     3 |     5 ||     8
       Halberd           |       |    17 ||    17
       Bite              |       |     1 ||     1
Throw: Boomerang         |       |    20 ||    20
 Cast: Freeze            |    18 |     5 ||    23
       Frozen Ramparts   |     1 |     8 ||     9
       Ozocubu's Armour  |     1 |     5 ||     6
  Use: Scroll            |       |     2 ||     2
 Stab: Sleeping          |       |     2 ||     2
Armor: Robe              |     5 |     1 ||     6
Dodge: Dodged            |     6 |    29 ||    35
